NWL (28 & UNDER)
RIVERSIDE RED BULLS @ RED DEER WRANGLERS
08/15/2023
 
TOP OF THE 1ST
Riverside Red Bulls batting - Pitching for Red Deer Wranglers : RHP William Bryant
Pitching: RHP William Bryant
Batting: RHB Joe Scott 0-0: Fly out, F8 (Flyball, 8LM)
Batting: RHB Chris Osborn 0-0: Called Strike
0-1: Foul Ball, location: 2F
0-2: Foul Ball, location: 2F
0-2: Ball
1-2: Ball
2-2: Ball
3-2: Strikes out swinging
Batting: RHB Soshu Nakamura 0-0: Called Strike
0-1: Foul Ball, location: 2F
0-2: Strikes out swinging
Top of the 1st over - 0 run(s), 0 hit(s), 0 error(s), 0 left on base; Riverside 0 - Red Deer 0
BOTTOM OF THE 1ST
Red Deer Wranglers batting - Pitching for Riverside Red Bulls : RHP Nariaki Tanaka
Pitching: RHP Nariaki Tanaka
Batting: LHB Enrico Vargas 0-0: Ball
1-0: Ball
2-0: Foul Ball, location: 2F
2-1: Foul Ball, location: 2F
2-2: Ball
3-2: Base on Balls
Batting: RHB Carlos Peña 0-0: Ball
1-0: Swinging Strike
1-1: Called Strike
1-2: Ball
2-2: Foul Ball, location: 2F
2-2: Strikes out swinging
Batting: RHB Oliver Harris 0-0: Ball
1-0: Ground out 4-3 (Groundball, 4M)
Enrico Vargas to second
Batting: RHB Orlando Núñes 0-0: Called Strike
0-1: Swinging Strike
0-2: Foul Ball, location: 2F
0-2: Foul Ball, location: 2F
0-2: Ball
1-2: SINGLE (Line Drive, 6D)
Enrico Vargas to third
Runner from 3rd tries for Home, SAFE, no throw or cutoff
Batting: SHB José López 0-0: Ball
1-0: Ball
2-0: Ball
3-0: Foul Ball, location: 2F
3-1: SINGLE (Line Drive, 7LM)
Orlando Núñes to second
Batting: LHB Del Kennedy 0-0: Foul Ball, location: 2F
0-1: Fly out, F5 (Popup, 5F)
Bottom of the 1st over - 1 run(s), 2 hit(s), 0 error(s), 2 left on base; Riverside 0 - Red Deer 1
TOP OF THE 2ND
Riverside Red Bulls batting - Pitching for Red Deer Wranglers : RHP William Bryant
Batting: SHB Sloan James 0-0: Ball
1-0: Ground out U3 (Groundball, 3L)
Batting: RHB José Zúñiga 0-0: Ball
1-0: Ball
2-0: Swinging Strike
2-1: Ball
3-1: Base on Balls
Batting: RHB Júlio García 0-0: Ball
1-0: Ball
2-0: Fly out, F9 (Flyball, 89D)
Batting: RHB Kyle Bacon 0-0: Ball
1-0: Called Strike
1-1: SINGLE (Groundball, 34D)
José Zúñiga to second
Runner from 2nd tries for 3rd, SAFE, throw made to third
Batting: SHB Lee Townsend 0-0: Called Strike
0-1: Ball
1-1: Ball
2-1: Ball
3-1: Swinging Strike
3-2: Base on Balls
Kyle Bacon to second
Batting: SHB Chun-yeong Kim 0-0: GRAND SLAM HOME RUN (Flyball, 9D), Distance : 348 ft
Batting: RHB Joe Scott 0-0: Ball
1-0: Ball
2-0: SINGLE (Flyball, 4D)
Batting: RHB Chris Osborn 0-0: Ball
1-0: Foul Ball, location: 2F
1-1: Foul Ball, location: 2F
1-2: Foul Ball, location: 2F
1-2: Ball
2-2: Ball
3-2: Foul Ball, location: 2F
3-2: Strikes out looking
Top of the 2nd over - 4 run(s), 3 hit(s), 0 error(s), 1 left on base; Riverside 4 - Red Deer 1
BOTTOM OF THE 2ND
Red Deer Wranglers batting - Pitching for Riverside Red Bulls : RHP Nariaki Tanaka
Batting: LHB Jorge Olvera 0-0: Foul Ball, location: 2F
0-1: Ball
1-1: Ball
2-1: Fly out, F8 (Flyball, 8LM)
Batting: LHB Ron Mayes 0-0: Ball
1-0: Called Strike
1-1: Ball
2-1: Foul Ball, location: 2F
2-2: Ball
3-2: Foul Ball, location: 2F
3-2: Base on Balls
Batting: RHB John McDonald 0-0: Called Strike
0-1: Ball
1-1: Ball
2-1: Ball
3-1: Called Strike
3-2: Strikes out swinging
Batting: LHB Enrico Vargas 0-0: Ground out 4-3 (Groundball, 4)
Bottom of the 2nd over - 0 run(s), 0 hit(s), 0 error(s), 1 left on base; Riverside 4 - Red Deer 1
TOP OF THE 3RD
Riverside Red Bulls batting - Pitching for Red Deer Wranglers : RHP William Bryant
Batting: RHB Soshu Nakamura 0-0: SINGLE (Line Drive, 4M)
Batting: SHB Sloan James 0-0: Ball
1-0: Fly out, F8 (Flyball, 8LD)
Batting: RHB José Zúñiga 0-0: Ball
Soshu Nakamura is caught stealing 2nd base
1-0: Ball
2-0: Ball
3-0: Base on Balls
Batting: RHB Júlio García 0-0: Ball
1-0: Called Strike
1-1: Swinging Strike
1-2: Strikes out swinging
Top of the 3rd over - 0 run(s), 1 hit(s), 0 error(s), 1 left on base; Riverside 4 - Red Deer 1
BOTTOM OF THE 3RD
Red Deer Wranglers batting - Pitching for Riverside Red Bulls : RHP Nariaki Tanaka
Batting: RHB Carlos Peña 0-0: Called Strike
0-1: Called Strike
0-2: Foul Ball, location: 2F
0-2: Foul Ball, location: 2F
0-2: SINGLE (Groundball, 34S)
Batting: RHB Oliver Harris 0-0: Ball
1-0: Foul Ball, location: 2F
1-1: Ground out 3-1 (Groundball, 34)
Carlos Peña to second
Batting: RHB Orlando Núñes 0-0: Called Strike
0-1: Called Strike
0-2: Strikes out swinging
Batting: SHB José López 0-0: Ball
1-0: Ball
2-0: Ball
3-0: Called Strike
3-1: Ground out 4-3 (Groundball, 4)
Bottom of the 3rd over - 0 run(s), 1 hit(s), 0 error(s), 1 left on base; Riverside 4 - Red Deer 1
TOP OF THE 4TH
Riverside Red Bulls batting - Pitching for Red Deer Wranglers : RHP William Bryant
Batting: RHB Kyle Bacon 0-0: Ball
1-0: SINGLE (Flyball, 9LS)
Batting: SHB Lee Townsend 0-0: Fielders Choice at 2nd, 6-4 (Groundball, 6M)
Batting: SHB Chun-yeong Kim 0-0: Ball
1-0: Ball
Lee Townsend steals 2nd base
2-0: Ball
3-0: Called Strike
3-1: Foul Ball, location: 2F
3-2: Fly out, F7 (Flyball, 7S)
Batting: RHB Joe Scott 0-0: Called Strike
0-1: Ball
1-1: Ball
2-1: Ball
3-1: Called Strike
3-2: Reached on error, E5 (Groundball, 56)
Lee Townsend to third
Batting: RHB Chris Osborn 0-0: Swinging Strike
0-1: Ball
1-1: Fly out, F7 (Line Drive, 78D)
Top of the 4th over - 0 run(s), 1 hit(s), 1 error(s), 2 left on base; Riverside 4 - Red Deer 1
BOTTOM OF THE 4TH
Red Deer Wranglers batting - Pitching for Riverside Red Bulls : RHP Nariaki Tanaka
Batting: LHB Del Kennedy 0-0: Ball
1-0: Ball
2-0: Ball
3-0: Called Strike
3-1: Foul Ball, location: 2F
3-2: Base on Balls
Batting: LHB Jorge Olvera 0-0: Called Strike
0-1: Fly out, F9 (Flyball, 9D)
Batting: LHB Ron Mayes 0-0: Foul Ball, location: 2F
0-1: Ball
1-1: Ball
2-1: Ball
3-1: Called Strike
3-2: Fly out, F7 (Flyball, 78M)
Batting: RHB John McDonald 0-0: Ball
1-0: Called Strike
1-1: Called Strike
Del Kennedy steals 2nd base
1-2: Foul Ball, location: 2F
1-2: Foul Ball, location: 2F
1-2: Fly out, F8 (Flyball, 8RS)
Bottom of the 4th over - 0 run(s), 0 hit(s), 0 error(s), 1 left on base; Riverside 4 - Red Deer 1
TOP OF THE 5TH
Riverside Red Bulls batting - Pitching for Red Deer Wranglers : RHP William Bryant
Batting: RHB Soshu Nakamura 0-0: Ball
1-0: SINGLE (Groundball, 5D)
Batting: SHB Sloan James 0-0: Ball
Soshu Nakamura is caught stealing 2nd base
1-0: Ball
2-0: Ball
3-0: Swinging Strike
3-1: Foul Ball, location: 2F
3-2: DOUBLE (Line Drive, 9LS)
Batting: RHB José Zúñiga 0-0: Called Strike
0-1: Ball
1-1: Ball
2-1: Foul Ball, location: 2F
2-2: Ball
3-2: Fly out, F4 (Popup, 4MD)
Pitching: RHP Pedro Leal
Batting: RHB Júlio García 0-0: Fly out, F9 (Flyball, 89M)
Top of the 5th over - 0 run(s), 2 hit(s), 0 error(s), 1 left on base; Riverside 4 - Red Deer 1
BOTTOM OF THE 5TH
Red Deer Wranglers batting - Pitching for Riverside Red Bulls : RHP Nariaki Tanaka
Batting: LHB Enrico Vargas 0-0: Ball
1-0: Ball
2-0: Ball
3-0: Called Strike
3-1: Base on Balls
Pitching: RHP Roberto Costello
Batting: RHB Carlos Peña 0-0: Ball
1-0: Foul Ball, location: 2F
1-1: Called Strike
1-2: Fly out, F9 (Flyball, 9M)
Batting: RHB Oliver Harris 0-0: Ball
1-0: Grounds into double play, 1-6-3 (Groundball, 13S)
Bottom of the 5th over - 0 run(s), 0 hit(s), 0 error(s), 0 left on base; Riverside 4 - Red Deer 1
TOP OF THE 6TH
Riverside Red Bulls batting - Pitching for Red Deer Wranglers : RHP Pedro Leal
Batting: RHB Kyle Bacon 0-0: Called Strike
0-1: Ball
1-1: Ball
2-1: Called Strike
2-2: Foul Ball, location: 2F
2-2: Strikes out swinging
Batting: SHB Lee Townsend 0-0: Ball
1-0: Ball
2-0: Ball
3-0: Base on Balls
Batting: SHB Chun-yeong Kim 0-0: Called Strike
0-1: Ball
1-1: Foul Ball, location: 2F
1-2: Ball
2-2: Ball
3-2: SINGLE (Line Drive, 9S)
Lee Townsend to second
Runner from 2nd tries for 3rd, SAFE, throw made to third
Batting: RHB Joe Scott 0-0: Swinging Strike
0-1: Swinging Strike
0-2: Strikes out looking
Batting: RHB Chris Osborn 0-0: Ball
1-0: Ball
2-0: Called Strike
2-1: Ball
3-1: Base on Balls
Chun-yeong Kim to second
Batting: RHB Soshu Nakamura 0-0: Ball
1-0: Called Strike
1-1: Ball
2-1: Fly out, F4 (Line Drive, 4)
Top of the 6th over - 0 run(s), 1 hit(s), 0 error(s), 3 left on base; Riverside 4 - Red Deer 1
BOTTOM OF THE 6TH
Red Deer Wranglers batting - Pitching for Riverside Red Bulls : RHP Roberto Costello
Batting: RHB Orlando Núñes 0-0: Called Strike
0-1: Foul Ball, location: 2F
0-2: Ball
1-2: Ball
2-2: Fly out, F9 (Flyball, 9LM)
Batting: SHB José López 0-0: Called Strike
0-1: Ball
1-1: Fly out, F8 (Flyball, 8LM)
Batting: LHB Del Kennedy 0-0: Ball
1-0: Swinging Strike
1-1: Swinging Strike
1-2: Foul Ball, location: 2F
1-2: Foul Ball, location: 2F
1-2: Strikes out swinging
Bottom of the 6th over - 0 run(s), 0 hit(s), 0 error(s), 0 left on base; Riverside 4 - Red Deer 1
TOP OF THE 7TH
Riverside Red Bulls batting - Pitching for Red Deer Wranglers : RHP Pedro Leal
Batting: SHB Sloan James 0-0: Ball
1-0: Swinging Strike
1-1: Ball
2-1: SOLO HOME RUN (Flyball, 89XD), Distance : 371 ft
Batting: RHB José Zúñiga 0-0: Called Strike
0-1: Foul Ball, location: 2F
0-2: Ball
1-2: Ball
2-2: Ball
3-2: Ground out 6-3 (Groundball, 6M)
Batting: RHB Júlio García 0-0: Fly out, F8 (Flyball, 8LXD)
Batting: RHB Kyle Bacon 0-0: Swinging Strike
0-1: Ball
1-1: Ball
2-1: Called Strike
2-2: Ball
3-2: Base on Balls
Batting: SHB Lee Townsend 0-0: Called Strike
0-1: Foul Ball, location: 2F
0-2: Strikes out swinging
Top of the 7th over - 1 run(s), 1 hit(s), 0 error(s), 1 left on base; Riverside 5 - Red Deer 1
BOTTOM OF THE 7TH
Red Deer Wranglers batting - Pitching for Riverside Red Bulls : RHP Roberto Costello
Pitching: RHP Alberto Gutiérrez
Batting: LHB Jorge Olvera 0-0: Ball
1-0: Called Strike
1-1: Foul Ball, location: 2F
1-2: Foul Ball, location: 2F
1-2: Hit by Pitch
Batting: LHB Ron Mayes 0-0: Ball
1-0: Swinging Strike
1-1: Ball
2-1: Ball
3-1: Foul Ball, location: 2F
3-2: Foul Ball, location: 2F
3-2: Base on Balls
Jorge Olvera to second
Batting: RHB John McDonald 0-0: Foul Ball, location: 2F
0-1: Called Strike
0-2: Foul Ball, location: 2F
0-2: Ball
1-2: Foul Ball, location: 2F
1-2: Ball
2-2: Grounds into double play, 6-4-3 (Groundball, 6)
Jorge Olvera to third
Batting: LHB Enrico Vargas 0-0: SINGLE (Line Drive, 8LS)
Jorge Olvera scores
Batting: RHB Carlos Peña 0-0: Ball
1-0: Ball
2-0: Called Strike
2-1: Foul Ball, location: 2F
2-2: Strikes out swinging
Bottom of the 7th over - 1 run(s), 1 hit(s), 0 error(s), 1 left on base; Riverside 5 - Red Deer 2
TOP OF THE 8TH
Riverside Red Bulls batting - Pitching for Red Deer Wranglers : RHP Pedro Leal
Pitching: RHP Russell Cooper
Batting: SHB Chun-yeong Kim 0-0: Ball
1-0: Foul Ball, location: 2F
1-1: Called Strike
1-2: Foul Ball, location: 2F
1-2: Foul Ball, location: 2F
1-2: Strikes out swinging
Batting: RHB Joe Scott 0-0: Called Strike
0-1: Ball
1-1: Ball
2-1: Ball
3-1: Base on Balls
Batting: RHB Chris Osborn 0-0: Ball
1-0: Fly out, F9 (Line Drive, 9D)
Batting: RHB Soshu Nakamura 0-0: Foul Ball, location: 2F
0-1: Fly out, F4 (Popup, 34)
Top of the 8th over - 0 run(s), 0 hit(s), 0 error(s), 1 left on base; Riverside 5 - Red Deer 2
BOTTOM OF THE 8TH
Red Deer Wranglers batting - Pitching for Riverside Red Bulls : RHP Alberto Gutiérrez
Batting: RHB Oliver Harris 0-0: Ball
1-0: Ball
2-0: Foul Ball, location: 2F
2-1: Called Strike
2-2: Strikes out swinging
Batting: RHB Orlando Núñes 0-0: Ball
1-0: Ball
2-0: Ball
3-0: Base on Balls
Pitching: LHP José Hernández
Batting: SHB José López 0-0: Called Strike
0-1: Fielders Choice at 2nd, 5-4 (Groundball, 56)
Batting: LHB Del Kennedy 0-0: Swinging Strike
0-1: Ball
1-1: Ball
2-1: Ball
3-1: Swinging Strike
3-2: Strikes out swinging
Bottom of the 8th over - 0 run(s), 0 hit(s), 0 error(s), 1 left on base; Riverside 5 - Red Deer 2
TOP OF THE 9TH
Riverside Red Bulls batting - Pitching for Red Deer Wranglers : RHP Russell Cooper
Batting: SHB Sloan James 0-0: Ball
1-0: Ball
2-0: Called Strike
2-1: Foul Ball, location: 2F
2-2: Ball
3-2: Base on Balls
Batting: RHB José Zúñiga 0-0: Foul Ball, location: 2F
0-1: Ball
1-1: Called Strike
1-2: Ball
2-2: Ball
3-2: Foul Ball, location: 2F
3-2: SINGLE (Line Drive, 78M)
Sloan James to second
Batting: RHB Júlio García 0-0: Ball
1-0: Bunted foul
1-1: Sac Bunt - play at first, batter OUT! U3
Sloan James to third
José Zúñiga to second
Batting: RHB Kyle Bacon 0-0: Ball
1-0: Ground out U3 (Groundball, 3)
Batting: SHB Lee Townsend 0-0: Called Strike
0-1: Ball
1-1: Ball
2-1: SINGLE (Groundball, 56)
Sloan James scores
José Zúñiga to third
Runner from 3rd tries for Home, SAFE, no throw or cutoff
Batting: SHB Chun-yeong Kim 0-0: Called Strike
0-1: Foul Ball, location: 2F
0-2: Foul Ball, location: 2F
0-2: Ball
1-2: Ground out 4-3 (Groundball, 4)
Top of the 9th over - 2 run(s), 2 hit(s), 0 error(s), 1 left on base; Riverside 7 - Red Deer 2
BOTTOM OF THE 9TH
Red Deer Wranglers batting - Pitching for Riverside Red Bulls : LHP José Hernández
Pitching: LHP Raúl Juárez
Batting: LHB Jorge Olvera 0-0: Ball
1-0: Fly out, F9 (Line Drive, 9D)
Batting: LHB Ron Mayes 0-0: Ball
1-0: Called Strike
1-1: Called Strike
1-2: SINGLE (Flyball, 8RS)
Batting: RHB John McDonald 0-0: Called Strike
0-1: Foul Ball, location: 2F
0-2: Strikes out swinging
Batting: LHB Enrico Vargas 0-0: Swinging Strike
0-1: Swinging Strike
0-2: Ball
1-2: Ball
2-2: Strikes out swinging
Bottom of the 9th over - 0 run(s), 1 hit(s), 0 error(s), 1 left on base; Riverside 7 - Red Deer 2
This league is powered by Out of the Park Baseball, the baseball management simulation game for PC, Mac and Linux
Wednesday, December 2nd, 2015 - OOTP Baseball 16.8 Build 38